 Dungeon Crawl Stone Soup version 0.27-a0-1500-g450c7e4133 (webtiles) character file.

Game seed: 5423509218841458738

828 dickylongcocking the Magician (level 8, 0/60 HPs)
             Began as a Djinni Wanderer on July 8, 2021.
             Slain by a hell rat (15 damage)
             ... on level 5 of the Dungeon.
             The game lasted 00:07:19 (5664 turns).

dickylongcocking the Magician (Djinni Wanderer)     Turns: 5664, Time: 00:07:20

Health: 0/60       AC:  6    Str: 11    XL:     8   Next: 17%
Gold:   205        EV:  9    Int: 16    God:
                   SH:  5    Dex: 13

rFire    + + .     SeeInvis .   d - +1 dagger (venom)
rCold    x . .     Faith    .   f - +1 buckler
rNeg     . . .     Spirit   .   o - +0 ring mail
rPois    ∞         Reflect  .   (no helmet)
rElec    .         Harm     .   x - +0 cloak
rCorr    .         Rampage  .   (no gloves)
Will     .....                  (boots unavailable)
Stlth    +.........             i - amulet of regeneration
HPRegen  1.20/turn              (no ring)
MPRegen  0.00/turn              (no ring)

@: flying, very slightly contaminated
A: sickness immunity, fire resistance 2, cold vulnerability 1, float, innate
caster, hp casting, extra vitality 1
a: no special abilities


You were on level 5 of the Dungeon.
You visited 1 branch of the dungeon, and saw 5 of its levels.
You also visited: Sewer.

You collected 205 gold pieces.

Inventory:

Hand Weapons
 a - a +0 club
 d - a +1 dagger of venom (weapon)
 e - a +0 dagger
 l - a +0 whip
Armour
 c - a +0 robe
 f - a +1 buckler (worn)
 o - a +0 ring mail (worn)
 p - a scarf of repulsion
 x - a +0 cloak (worn)
 y - a +0 buckler
Jewellery
 i - an amulet of regeneration (around neck)
Wands
 w - a wand of polymorph (7)
Scrolls
 k - a scroll of enchant weapon {unknown}
 m - a scroll of immolation {unknown}
 n - 2 scrolls of enchant armour
 q - a scroll of teleportation {unknown}
 s - a scroll of magic mapping {unknown}
 u - a scroll of fear
 v - a scroll of vulnerability {unknown}
Potions
 g - a potion of curing
 h - 3 potions of flight
 j - a potion of lignification {unknown}
 r - a potion of berserk rage {unknown}
 t - a potion of attraction {unknown}


   Skills:
 - Level 5.4 Fighting
 - Level 0.2(0.6) Maces & Flails
 - Level 1.0 Staves
 - Level 1.5 Stealth
 * Level 1.9 Shields
 - Level 1.0 Unarmed Combat
 * Level 6.0 Spellcasting
 - Level 1.0 Evocations


You had 5 spell levels left.
You knew the following spells:

 Your Spells              Type           Power      Damage    Failure   Level
a - Foxfire               Conj/Fire      96%        2x1d8     3%          1
b - Corona                Hex            26%        N/A       3%          1
c - Conjure Flame         Conj/Fire      24%        6-21      11%         3
d - Dazzling Flash        Conj/Hex       48%        N/A       11%         3
f - Freeze                Ice            96%        1d11      3%          1
i - Ignite Poison         Fire/Tmut/Pois 24%        N/A       11%         3
p - Poisonous Vapours     Pois/Air       48%        N/A       5%          2

Your spell library contained the following spells:

 Spells                   Type           Power      Damage    Failure   Level


Dungeon Overview and Level Annotations

Branches:
Dungeon (5/15)              Sewer (visited)
 Temple: D:4-7

Altars:

Shops:
D:2 *


Innate Abilities, Weirdness & Mutations

You are immune to sickness and miasma.
You are immune to poison.
Your flesh is very heat resistant. (rF++)
You are vulnerable to cold. (rC-)
You float through the air rather than walking.
You learn spells naturally, not from books.
Your magical power is your life essence.
You have superior vitality. (+4 HP)


Message History

Casting: Poisonous Vapours (safe; 6% risk of failure)
Confirm with . or Enter, or press ? or * to list all spells.
Aiming: Poisonous Vapours (safe; 6% risk of failure)
Press: ? - help, Dir - move target, f - hell rat, p - hell rat
Aim: a hell rat Poisonous vapours surround the hell rat!
The hell rat is poisoned.
The hell rat bites you.
* * * LOW HITPOINT WARNING * * *
The hell rat bites you but does no damage.
Your magical contamination has completely faded away.
Unknown command.
Unknown command.
Unknown command.
Casting: Poisonous Vapours (safe; 6% risk of failure)
Confirm with . or Enter, or press ? or * to list all spells.
Okay, then.
You feel better. The hell rat closely misses you.
Casting: Poisonous Vapours (safe; 6% risk of failure)
Confirm with . or Enter, or press ? or * to list all spells.
You ignite the poison in your surroundings!
The hell rat seems to burn from within!!
You kill the hell rat!
The hell rat seems to burn from within!
The hell rat is heavily wounded.
Unknown command.
Unknown command.
Casting: Ignite Poison (dangerous; 11% risk of failure)
Confirm with . or Enter, or press ? or * to list all spells.
Aiming: Poisonous Vapours (safe; 5% risk of failure)
Press: ? - help, Dir - move target, f/p - hell rat
Aim: a hell rat (heavily wounded)
You miscast Poisonous Vapours.
You are very lightly contaminated with residual magic.
Nothing appears to happen.
The hell rat closely misses you. The hell rat bites you!
* * * LOW HITPOINT WARNING * * *
Unknown command.
Unknown command.
You feel better. The hell rat bites you!
You die...

##.##... .###.#.#
#.##....#..#....#
#.# #.r#.##...#
#.## #r.#..##...#
##.#.rrr#.r#....#
#.##.rrr#.r#....#
##.#..r###r#...##
#.##[. ##r#)###
##.### #@##.#
##.####.##.#
##.##.###.#
#.#.##...#
##.#.#...#
######...#
#.#####........#
#.............##
#######.<.....#


You could see a hell rat and 3 river rats.

Vanquished Creatures
  A wyvern (D:4)
  A water moccasin (D:4)
  A kobold brigand (Sewer)
  A wight (D:4)
  An orc priest (D:4)
  4 orc wizards
  3 hell rats (D:5)
  A gnoll (D:4)
  9 adders
  7 river rats (D:5)
  An ufetubus (D:4)
  3 dart slugs
  10 orcs
  5 endoplasms
  6 giant cockroaches
  5 goblins
  5 hobgoblins
  4 jackals
  9 kobolds
  4 quokkas
  7 ball pythons
  8 bats
  5 frilled lizards
  12 rats
113 creatures vanquished.

Vanquished Creatures (others)
  111 foxfires
111 creatures vanquished.

Grand Total: 224 creatures vanquished

Notes
Turn   | Place    | Note
-------+----------+-------------------------------------------
     0 | D:1      | dickylongcocking the Djinni Wanderer began the quest for
                  | the Orb.
     0 | D:1      | Reached XP level 1. HP: 22/22 MP: 0/0
   201 | D:1      | Reached XP level 2. HP: 21/28 MP: 0/0
  1095 | D:1      | Reached XP level 3. HP: 3/33 MP: 0/0
  1095 | D:1      | Learned a level 1 spell: Freeze
  1484 | D:1      | Found a faded altar of an unknown god.
  1498 | D:1      | Reached skill level 1 in Spellcasting
  2131 | D:2      | Found Weil's General Store.
  2688 | D:2      | Reached XP level 4. HP: 39/39 MP: 0/0
  2743 | D:2      | Reached skill level 2 in Spellcasting
  3687 | D:3      | Reached XP level 5. HP: 30/43 MP: 0/0
  3687 | D:3      | Learned a level 2 spell: Poisonous Vapours
  3739 | D:3      | Found a glowing drain.
  3779 | Sewer    | Entered a sewer
  3786 | Sewer    | Reached skill level 3 in Spellcasting
  3863 | Sewer    | Noticed a kobold brigand
  3878 | Sewer    | Killed a kobold brigand
  3879 | Sewer    | Reached XP level 6. HP: 48/49 MP: 0/0
  3916 | Sewer    | Found a white marble altar of Elyvilon.
  4547 | D:4      | Reached skill level 4 in Spellcasting
  4603 | D:4      | Noticed a water moccasin
  4633 | D:4      | Killed a water moccasin
  4634 | D:4      | Reached XP level 7. HP: 48/54 MP: 0/0
  4634 | D:4      | Learned a level 3 spell: Ignite Poison
  4926 | D:4      | Reached skill level 5 in Spellcasting
  5266 | D:4      | Noticed a wyvern
  5278 | D:4      | Killed a wyvern
  5496 | D:5      | Entered Level 5 of the Dungeon
  5575 | D:5      | Reached XP level 8. HP: 60/60 MP: 0/0
  5585 | D:5      | Reached skill level 1 in Shields
  5644 | D:5      | Found the +2 ratskin cloak {*Rats rPois rN+ Str-1 Int-1
                  | Dex+1}
  5659 | D:5      | Reached skill level 6 in Spellcasting
  5664 | D:5      | Slain by a hell rat

Illustrated notes

Levels and vault maps discovered:
D:1:      dpeg_arrival_tiny_j, layout_basic, serial_rivers,
          chequers_serial_rivers_room_a, chequers_serial_rivers_micro_b,
          chequers_serial_rivers_large_b, chequers_serial_rivers_micro_d,
          hellmonk_ecumenical_altar_zigzags
D:2:      minmay_chambers_of_ones, layout_rooms, serial_shops,
          nicolae_square_shop
D:3:      layout_basic, gup_sewer_entry_glass
D:4:      layout_rooms, kennysheep_flooded_box,
          minmay_fractal_squares_diagonal_5
D:5:      wander_guarded_unrand_ratskin, layout_loops_cross,
          minmay_temple_entry_wispy

Skill      XL: |  1  2  3  4  5  6  7  8 |
---------------+-------------------------+-----
Spellcasting   | 1 2 3 4 5 6 |  6.0
Shields        | 1 |  1.9
Fighting       | |  5.4
Maces & Flails | |  0.2
Staves         | |  1.0
Stealth        | |  1.5
Unarmed Combat | |  1.0
Evocations     | |  1.0

Action                   |  1- 3 |  4- 6 |  7- 9 || total
-------------------------+-------+-------+-------++-------
Melee: Club              |    84 |       |       ||    84
       Whip              |    32 |    54 |       ||    86
       Punch             |     1 |     2 |       ||     3
       Dagger            |       |    79 |    92 ||   171
 Cast: Foxfire           |    15 |    30 |    17 ||    62
       Freeze            |     4 |    32 |    10 ||    46
       Poisonous Vapours |       |     6 |     7 ||    13
       Ignite Poison     |       |       |     3 ||     3
  Use: Scroll            |       |     1 |       ||     1
       Potion            |       |     3 |     4 ||     7
 Stab: Sleeping          |     4 |       |     1 ||     5
Armor: Robe              |    24 |       |       ||    24
       Ring mail         |    10 |   130 |    34 ||   174
Dodge: Dodged            |    77 |   124 |    60 ||   261
       Repelled          |       |     1 |     1 ||     2
Block: Buckler           |       |       |    10 ||    10

Table legend: (Time is in decaauts)
 A = Elapsed time spent in this place.
 B = Non-inter-level travel time spent in this place.
 C = Inter-level travel time spent in this place.
 D = Time resting spent in this place.
 E = Time spent auto-exploring this place.
 F = Levels seen in this place.
 G = Mean time per level.
                   A        B        C        D        E       F      G
               +--------+--------+--------+--------+--------+-----+--------+
         Total |   5699 |   5573 |    126 |   1097 |   3379 |   6 |  949.8 |
       Dungeon |   5525 |   5399 |    126 |   1097 |   3287 |   5 | 1105.0 |
         Sewer |    173 |    173 |      0 |      0 |     92 |   1 |  173.0 |
               +--------+--------+--------+--------+--------+-----+--------+

Top non-repeatable levels by time:
     D:1: 2146 daAuts
     D:2: 1300 daAuts
     D:3: 1162 daAuts
     D:4: 742 daAuts
   Sewer: 173 daAuts
     D:5: 172 daAuts
